 Dungeon Crawl Stone Soup version 0.24.0-37-gcf1ca852f1 (webtiles) character file.

Game seed: 12552715909818268374, levelgen mode: deterministic

4531 Mrkan the Basher (level 10, -7/64 HPs)
             Began as a Gargoyle Fighter on Nov 26, 2019.
             Was a Believer of Fedhas.
             Mangled by Psyche
             ... wielding a +3 dagger of distortion
              (16 damage)
             ... on level 7 of the Dungeon.
             The game lasted 00:14:41 (6840 turns).

Mrkan the Basher (Gargoyle Fighter)                 Turns: 6840, Time: 00:14:42

Health: -7/64      AC: 23    Str: 28    XL:     10   Next: 39%
Magic:  10/11      EV:  6    Int:  8    God:    Fedhas [**....]
Gold:   555        SH: 11    Dex: 10    Spells: 9/9 levels left

rFire    . . .     SeeInvis .   E - +1 whip (elec)
rCold    . . .     Gourm    .   c - +0 shield
rNeg     + . .     Faith    .   I - +0 plate armour
rPois    ∞         Spirit   .   r - +0 helmet
rElec    +         Reflect  .   G - scarf {cloud immunity}
rCorr    .         Harm     .   k - +0 pair of gloves (curse)
MR       .....                  (no boots)
Stlth    ..........             (no amulet)
HPRegen  0.20/turn              (no ring)
MPRegen  0.12/turn              (no ring)

@: mighty
A: negative energy resistance 1, electricity resistance, unbreathing,
petrification resistance, rot immunity, AC +7
a: Wall of Briars, Renounce Religion


You were on level 7 of the Dungeon.
You worshipped Fedhas.
Fedhas was pleased with you.
You were hungry.

You visited 1 branch of the dungeon, and saw 8 of its levels.

You collected 555 gold pieces.

Inventory:

Hand Weapons
 a - a +0 flail
 E - a +1 whip of electrocution (weapon)
 H - a +0 giant club
Missiles
 C - a throwing net (quivered)
Armour
 c - a +0 shield (worn)
 k - a cursed +0 pair of gloves (worn)
 r - a +0 helmet (worn)
 F - a +0 cloak
 G - a scarf of cloud immunity (worn)
 I - a +0 plate armour (worn)
Jewellery
 m - a +3 ring of intelligence {unknown}
 x - a +2 amulet of reflection {unknown}
 D - a cursed ring of attention {unknown}
Wands
 t - a wand of flame (9)
Scrolls
 b - a scroll of amnesia {unknown}
 g - a scroll of enchant weapon {unknown}
 h - a scroll of magic mapping {unknown}
 j - 6 scrolls of teleportation {unknown}
 l - 2 scrolls of fear {unknown}
 n - 4 scrolls of remove curse {unknown}
 p - 7 scrolls of identify {unknown}
 q - 2 scrolls of blinking {unknown}
 u - a scroll of fog {unknown}
 w - 2 scrolls of random uselessness {unknown}
 y - a scroll of enchant armour {unknown}
Potions
 d - a potion of degeneration {unknown}
 e - 2 potions of haste
 i - 4 potions of curing {unknown}
 o - 5 potions of mutation {unknown}
 s - a potion of flight {unknown}
 A - a potion of ambrosia {unknown}
 B - a potion of heal wounds {unknown}
Comestibles
 f - 15 rations


   Skills:
 + Level 8.0 Fighting
 * Level 9.6 Maces & Flails
 + Level 8.0 Armour
 + Level 8.0 Shields
 + Level 1.5 Invocations


You had 9 spell levels left.
You didn't know any spells.
Your spell library contained the following spells:

 Spells                   Type           Power        Failure   Level  Hunger
 Cause Fear               Hex            #.........   100%        4    #####..
 Silence                  Hex/Air        #.........   100%        5    ######.
 Yara's Violent Unravell  Hex/Tmut       #.........   100%        5    ######.
 Deflect Missiles         Chrm/Air       #.........   100%        6    #######
 Discord                  Hex            #.........   100%        8    #######


Dungeon Overview and Level Annotations

Branches:
Dungeon (8/15)             Temple (0/1) D:7
   Lair: D:8-11

Altars:
Dithmenos
Fedhas
Kikubaaqudgha
Makhleb
Okawaru
Sif Muna

Annotations:
D:7 Psyche


Innate Abilities, Weirdness & Mutations

You are resistant to torment.
Your stone body is resilient. (AC +7)
You are immune to poison.
You resist negative energy. (rN+)
You are resistant to electric shocks. (rElec)
You can survive without breathing.
You are immune to petrification.
You are immune to rotting.


Message History

Psyche hits you but does no damage. Space bends around you.
* * * LOW HITPOINT WARNING * * *
You block Psyche's attack.
You thrash the two-headed ogre!!
You kill the two-headed ogre!
Fedhas accepts your kill.
Your Fighting skill increases to level 8!
Your Armour skill increases to level 8!
Your Shields skill increases to level 8!
Your Invocations skill increases to level 1!
You block Psyche's attack.
You hit Psyche.
Psyche is lightly wounded.
Psyche points at you and mumbles some strange words.
You block the puff of frost.
You whack Psyche!
Psyche is moderately wounded.
Psyche hits you but does no damage. Space warps horribly around you!
You die...
Fedhas appreciates your contribution to the ecosystem.

.........####.#..........#
...###...# #.##.#########
...# #...# #..#.# ...#
###.# #..#.# #.## #.#
#..#.# #.# #.# #....# #.#
#.# #.#..# #.# ####.#
#.#.)######### #.#
#....####..@@........# ..#
#.###...#............# ###
#.# #.#.#............# .#
#.# #.#.#............#
.####.# #.#.#.############
....#.###.#<#.#
###.#.....###)# #
#.###.......#
###.........###


You could see Psyche.

Vanquished Creatures
  A two-headed ogre (D:7)
  Pikel (D:6)
  Grinder (D:3)
  A hornet (D:7)
  A basilisk (D:7)
  Edmund (D:4)
  An orc warrior (D:7)
  2 ice beasts (D:7)
  A sky beast (D:4)
  2 phantoms
  A slave (D:6)
  2 ogres
  2 centaurs
  Blork the orc (D:4)
  A big kobold (D:7)
  2 bullfrogs
  2 scorpions
  7 howler monkeys
  3 crimson imps
  A centaur zombie (D:5)
  7 hounds
  2 bullfrog skeletons
  3 orc priests
  Crazy Yiuf (D:6)
  Jessica (D:3)
  2 iguanas (D:7)
  11 orc wizards
  Natasha (D:3)
  3 worker ants
  A hound skeleton (D:5)
  Robin (D:3)
  12 adders
  A shadow imp (D:5)
  3 oozes
  2 adder skeletons (D:4)
  2 worms
  3 dart slugs
  2 leopard geckos
  26 orcs
  6 giant cockroaches
  19 goblins
  7 hobgoblins
  5 jackals
  11 kobolds
  6 quokkas
  4 ball pythons
  A ball python skeleton (D:5)
  5 bats
  2 leopard gecko skeletons
  A quokka skeleton (D:6)
  7 rats
  A plant (D:2)
193 creatures vanquished.

Vanquished Creatures (others)
  An orc priest (D:6)
  A shadow imp (D:6)
  2 orcs (D:6)
4 creatures vanquished.

Grand Total: 197 creatures vanquished

Notes
Turn   | Place    | Note
-------+----------+-------------------------------------------
     0 | D:1      | Mrkan the Gargoyle Fighter began the quest for the Orb.
     0 | D:1      | Reached XP level 1. HP: 14/14 MP: 1/1
   361 | D:1      | Reached XP level 2. HP: 19/19 MP: 2/2
   751 | D:2      | Reached XP level 3. HP: 22/23 MP: 3/3
   966 | D:2      | Reached skill level 3 in Maces & Flails
   966 | D:2      | Reached XP level 4. HP: 28/29 MP: 4/4
  1526 | D:3      | Noticed Jessica
  1545 | D:3      | Killed Jessica
  1545 | D:3      | Reached XP level 5. HP: 30/33 MP: 5/5
  1567 | D:3      | Noticed Grinder
  1572 | D:3      | Paralysed by Grinder for 7 turns
  1583 | D:3      | Paralysed by Grinder for 3 turns
  1600 | D:3      | Killed Grinder
  1600 | D:3      | Reached skill level 4 in Maces & Flails
  1600 | D:3      | Reached XP level 6. HP: 3/39 MP: 6/6
  2175 | D:3      | Noticed Natasha
  2182 | D:3      | Killed Natasha
  2530 | D:3      | Noticed Robin
  2558 | D:3      | Killed Robin
  2814 | D:4      | Reached XP level 7. HP: 10/44 MP: 7/7
  3136 | D:4      | Reached skill level 5 in Maces & Flails
  3190 | D:4      | Reached skill level 5 in Fighting
  3240 | D:4      | Reached skill level 5 in Armour
  3240 | D:4      | Reached skill level 5 in Shields
  3489 | D:4      | Reached XP level 8. HP: 45/50 MP: 8/8
  3677 | D:4      | Reached skill level 6 in Maces & Flails
  3707 | D:4      | Noticed Edmund
  3726 | D:4      | Killed Edmund
  3772 | D:4      | Found an ancient bone altar of Kikubaaqudgha.
  3774 | D:4      | Found a blossoming altar of Fedhas.
  3785 | D:4      | Became a worshipper of Fedhas Madash
  4037 | D:4      | Noticed Blork the orc
  4058 | D:4      | Killed Blork the orc
  4354 | D:5      | Entered Level 5 of the Dungeon
  4429 | D:5      | Reached skill level 7 in Maces & Flails
  4784 | D:5      | Reached XP level 9. HP: 56/56 MP: 9/9
  5208 | D:6      | Found a shadowy altar of Dithmenos.
  5288 | D:6      | Reached * piety under Fedhas
  5390 | D:6      | Noticed Pikel
  5407 | D:6      | Killed Pikel
  5407 | D:6      | Reached skill level 8 in Maces & Flails
  5730 | D:6      | Found a runed translucent door.
  5731 | D:6      | Noticed Crazy Yiuf
  5735 | D:6      | Killed Crazy Yiuf
  5991 | D:6      | Found a burning altar of Makhleb.
  6072 | D:7      | Found an iron altar of Okawaru.
  6242 | D:7      | Found a staircase to the Ecumenical Temple.
  6320 | D:7      | Reached skill level 9 in Maces & Flails
  6320 | D:7      | Reached XP level 10. HP: 63/63 MP: 10/10
  6528 | D:7      | Reached ** piety under Fedhas
  6723 | D:7      | Found a shimmering blue altar of Sif Muna.
  6794 | D:8      | Noticed Psyche
  6826 | D:8      | Noticed a two-headed ogre
  6838 | D:7      | Killed a two-headed ogre
  6838 | D:7      | Reached skill level 1 in Invocations
  6840 | D:7      | Mangled by Psyche

Levels and vault maps discovered:
D:1:      minmay_arrival_semitransparent, layout_basic
D:2:      layout_loops_ring, serial_bayou_pond_c
D:3:      layout_basic, first_ration, serial_bayou_crossing, uniq_grinder,
          uniq_natasha, uniq_jessica, uniq_robin
D:4:      layout_loops_corners, grunt_temple_overflow_growth_and_decay,
          st_stairs_6, minmay_pentangle, uniq_blork_the_orc, uniq_edmund
D:5:      layout_gridville
D:6:      layout_basic, makhleb_grotto_becter,
          nicolae_dithmenos_through_a_glass_darkly, uniq_pikel,
          uniq_crazy_yiuf_cottage
D:7:      layout_basic, okawaru_metal_pillars_1_2, lemuel_doored_altar,
          minmay_temple_entry_butterflies, st_stairs_4
D:8:      layout_rooms, dpeg_oklobed_lair, grunt_ogre_cave, uniq_psyche

Skill      XL: |  1  2  3  4  5  6  7  8  9 10 |
---------------+-------------------------------+-----
Maces & Flails | 3 4 5 7 9 |  9.6
Fighting       | 4 5 6 7 8 |  8.0
Shields        | 4 5 6 7 8 |  8.0
Armour         | 4 5 6 7 8 |  8.0
Invocations    | 1 |  1.5

Action                   |  1- 3 |  4- 6 |  7- 9 | 10-12 || total
-------------------------+-------+-------+-------+-------++-------
Melee: Flail             |   109 |   213 |   397 |       ||   719
       Whip              |       |       |   135 |    95 ||   230
  Use: Potion            |       |     2 |       |     1 ||     3
  Eat: Chunk             |       |     7 |    12 |     1 ||    20
Armor: Scale mail        |    76 |   121 |       |       ||   197
       Chain mail        |       |       |   313 |       ||   313
       Plate armour      |       |       |     8 |    38 ||    46
Dodge: Dodged            |    30 |    61 |    91 |    13 ||   195
Block: Shield            |    53 |   109 |   252 |    42 ||   456
